 Dungeon Crawl Stone Soup version 0.14.0-17-gc0b17a5 (webtiles) character file.

1145 sprout the Covered (level 7, -2/62 HPs)
             Began as a Minotaur Fighter on Apr 18, 2014.
             Succumbed to a centaur's poison
             ... on Level 5 of the Dungeon.
             The game lasted 00:10:27 (3023 turns).

sprout the Covered (Minotaur Fighter)               Turns: 3023, Time: 00:10:27

HP  -2/62        AC  8     Str 22      XL: 7   Next: 82%
MP   3/3         EV  7     Int  5      God:
Gold 232         SH 20     Dex 10      Spells:  0 memorised,  6 levels left

rFire  . . .     SeeInvis +     a - +0,+1 war axe
rCold  . . .     Clarity  .     b - +1 scale mail
rNeg   . . .     Conserve .     c - +0 shield
rPois  .         rCorr    .     (helmet restricted)
rElec  .         rRot     .     (no cloak)
SustAb . .       Spirit   .     (no gloves)
rMut   .         Warding  .     (no boots)
Saprov . . .     Stasis   .     (no amulet)
MR     .....                    (no ring)
                                k - ring of see invisible

@: lethally poisoned, not resistant to hostile enchantments, extremely
unstealthy
A: retaliatory headbutt, horns 2
a: no special abilities


You were on level 5 of the Dungeon.
You were hungry.

You visited 1 branch of the dungeon, and saw 5 of its levels.

You collected 232 gold pieces.

Inventory:

Hand weapons
 a - a +0,+1 war axe (weapon)
 s - a +3,+4 quarterstaff of chaos
Armour
 b - a +1 scale mail (worn)
 c - a +0 shield (worn)
Magical devices
 e - a wand of flame (20) {unknown}
Comestibles
 d - 3 bread rations
 z - an apple
 C - 2 chunks of ogre flesh
 D - a rambutan
Scrolls
 l - a scroll of blinking
 o - 3 scrolls of remove curse
 p - 4 scrolls of identify
 u - 4 scrolls of fear
 v - a scroll of enchant weapon II
 x - a scroll of magic mapping
 y - a scroll of amnesia {unknown}
Jewellery
 h - a cursed ring of teleportation
 k - a ring of see invisible (left hand)
 m - an uncursed amulet of inaccuracy
 r - an uncursed ring of protection from cold {unknown}
Potions
 f - a potion of agility {unknown}
 g - 3 potions of heal wounds
 i - 5 potions of curing
 j - a potion of magic {unknown}
 n - a potion of degeneration {unknown}
 q - 3 potions of haste {unknown}
 t - a potion of confusion {unknown}
 A - a potion of lignification {unknown}
 B - a potion of cure mutation {unknown}
Books
 w - a book of Death

   Spells                             Type                      Level
   Corpse Rot                         Necromancy                   2
   Sublimation of Blood               Necromancy                   2
   Agony                              Necromancy                   5
   Dispel Undead                      Necromancy                   5
   Excruciating Wounds                Charms/Necromancy            5
   Bolt of Draining                   Conjuration/Necromancy       5


   Skills:
 + Level 5.9 Fighting
 + Level 5.5 Axes
 + Level 5.9 Armour
 + Level 4.2 Dodging
 + Level 0.3 Stealth
 + Level 5.8 Shields


You had 6 spell levels left.
You didn't know any spells.

Dungeon Overview and Level Annotations

Branches:
Dungeon (5/15)
 Temple: D:4-7

Altars:
Elyvilon
Fedhas
Zin
The Shining One


Innate Abilities, Weirdness & Mutations

You reflexively headbutt those who attack you in melee.
You have a pair of horns on your head.


Message History

You are lethally poisoned!
You see here a poisoned arrow.
You feel very sick.
The centaur shoots a poisoned arrow.
The poisoned arrow hits you!
You are more poisoned.
* * * LOW HITPOINT WARNING * * *
You see here a poisoned arrow.
* * * LOW HITPOINT WARNING * * *
You feel very sick.
The centaur unwields an uncursed bow.
The centaur hits you.
* * * LOW HITPOINT WARNING * * *
You slash the centaur! You headbutt the centaur.
The centaur is moderately wounded.
* * * LOW HITPOINT WARNING * * *
You feel very sick.
The centaur hits you but does no damage.
The centaur barely misses you.
You hit the centaur.
The centaur is heavily wounded.
You die...

...........##
.............##
...............###
..................##
##.................#
#...............#.##
..#.............####
..................##
.......c@(((.((....#
........(>...##.....#
.........$#.###.#.##
.............#...##
........#.#.###.##
........#### ###
....%.. ....#. # #


You could see a centaur.

Vanquished Creatures
  Grinder (D:3)
  2 ogres (D:4)
  A centaur (D:5)
  A hound (D:3)
  Crazy Yiuf (D:2)
  3 orc priests
  An orc wizard (D:4)
  Natasha (twice) (D:3)
  A worker ant (D:4)
  Ijyb (D:3)
  5 adders
  A shadow imp (D:3)
  2 inept feature mimics (D:2)
  6 worms
  A giant eyeball (D:4)
  3 giant geckos
  8 orcs
  3 giant cockroaches
  6 goblins
  9 hobgoblins
  9 kobolds
  13 bats
  3 giant newts (D:2)
  A hobgoblin zombie (D:5)
  6 jackals
  A quokka (D:5)
  8 rats
  A fungus (D:2)
100 creatures vanquished.

Notes
Turn   | Place    | Note
--------------------------------------------------------------
     0 | D:1      | sprout, the Minotaur Fighter, began the quest for the Orb.
     0 | D:1      | Reached XP level 1. HP: 19/19 MP: 1/1
    48 | D:1      | Reached skill level 4 in Fighting
    91 | D:1      | Reached XP level 2. HP: 27/27 MP: 1/1
   643 | D:2      | Reached XP level 3. HP: 25/33 MP: 2/2
   780 | D:2      | Reached skill level 1 in Dodging
   974 | D:2      | Reached XP level 4. HP: 40/40 MP: 2/2
  1437 | D:2      | Noticed Crazy Yiuf
  1443 | D:2      | Killed Crazy Yiuf
  1523 | D:3      | Noticed Ijyb
  1529 | D:3      | Killed Ijyb
  1529 | D:3      | Reached XP level 5. HP: 44/47 MP: 2/2
  1659 | D:3      | Noticed Natasha
  1675 | D:3      | Killed Natasha
  1939 | D:3      | Noticed Natasha
  1942 | D:3      | Killed Natasha
  2032 | D:3      | Noticed Grinder
  2043 | D:3      | Killed Grinder
  2043 | D:3      | Reached skill level 5 in Fighting
  2043 | D:3      | Reached skill level 5 in Armour
  2043 | D:3      | Reached skill level 5 in Shields
  2043 | D:3      | Reached XP level 6. HP: 43/56 MP: 3/3
  2319 | D:4      | Reached XP level 7. HP: 45/61 MP: 3/3
  2473 | D:4      | Found a blossoming altar of Fedhas.
  2796 | D:4      | Found a glowing golden altar of the Shining One.
  2796 | D:4      | Found a white marble altar of Elyvilon.
  2798 | D:4      | Found a glowing silver altar of Zin.
  2806 | D:4      | Reached skill level 5 in Axes
  2831 | D:5      | Entered Level 5 of the Dungeon
  3022 | D:5      | HP: 1/62 [poisoned by a centaur]
  3023 | D:5      | Succumbed to a centaur's poison

Action                   |  1- 3 |  4- 6 |  7- 9 || total
-------------------------+-------+-------+-------++-------
Melee: War axe           |    86 |   119 |    69 ||   274
  Use: Scroll            |       |     9 |       ||     9
       Potion            |       |       |     3 ||     3
